 Dungeon Crawl Stone Soup version 0.24.0-13-gcf9b3192b9 (webtiles) character file.

Game seed: 4493267263141346216, levelgen mode: deterministic

58 Goblin1989 the Cutter (level 3, -5/29 HPs)
             Began as a Draconian Assassin on Nov 5, 2019.
             Slain by a gnoll
             ... wielding a +0 flail
              (9 damage)
             ... on level 2 of the Dungeon.
             The game lasted 00:04:03 (999 turns).

Goblin1989 the Cutter (Draconian Assassin)           Turns: 999, Time: 00:04:04

Health: -5/29      AC:  6    Str: 14    XL:     3   Next: 76%
Magic:  3/3        EV: 11    Int: 11    God:
Gold:   95         SH:  0    Dex: 12    Spells: 2/2 levels left

rFire    . . .     SeeInvis .   a - +2 dagger (venom)
rCold    . . .     Gourm    .   (no shield)
rNeg     . . .     Faith    .   (armour unavailable)
rPois    .         Spirit   .   (helmet restricted)
rElec    .         Reflect  .   b - +0 cloak
rCorr    .         Harm     .   (no gloves)
MR       .....                  (no boots)
Stlth    ++........             (no amulet)
HPRegen  0.09/turn              (no ring)
MPRegen  0.08/turn              (no ring)

@: no status effects
A: unfitting armour, cold-blooded, AC +5
a: no special abilities


You were on level 2 of the Dungeon.
You were not hungry.

You visited 1 branch of the dungeon, and saw 2 of its levels.

You collected 95 gold pieces.

Inventory:

Hand Weapons
 a - a +2 dagger of venom (weapon)
Missiles
 c - a poisoned dart (quivered)
 j - 27 sling bullets
 p - 37 stones {@Q3}
Armour
 b - a +0 cloak (worn)
Jewellery
 i - an uncursed amulet of faith {unknown}
Scrolls
 g - a scroll of amnesia {unknown}
 h - 6 scrolls of identify {unknown}
 l - a scroll of magic mapping {unknown}
 o - a scroll of enchant weapon {unknown}
 q - a scroll of teleportation {unknown}
 v - a scroll of random uselessness {unknown}
Potions
 f - a potion of lignification {unknown}
 k - a potion of mutation {unknown}
 r - a potion of haste {unknown}
 s - a potion of cancellation {unknown}
 t - a potion of agility {unknown}
Comestibles
 e - a ration
 u - 8 chunks of flesh


   Skills:
 - Level 2.1 Fighting
 + Level 4.0 Short Blades
 + Level 2.0 Throwing
 - Level 0.8 Dodging
 - Level 3.6 Stealth


You had 2 spell levels left.
You didn't know any spells.
Your spell library was empty.

Dungeon Overview and Level Annotations

Branches:
Dungeon (2/15)

Altars:


Innate Abilities, Weirdness & Mutations

Your plain brown scales are hard. (AC +5)
You cannot fit into any form of body armour.
You are cold-blooded and may be slowed by cold attacks.


Message History

The stone {@Q3} hits the rat but does no damage.
A goblin comes into view. It is wielding a +0 club.
Throwing (i - inventory. (/) - cycle)
p - 41 stones (quivered)
{@Q3}
Press: ? - help, Shift-Dir - straight line, f/p - rat
Aim: a rat You throw a stone {@Q3}.
The goblin shouts!
The stone {@Q3} hits the rat.
You kill the rat!
Throwing (i - inventory. (/) - cycle)
p - 40 stones (quivered)
{@Q3}
Press: ? - help, Shift-Dir - straight line, f - goblin
Aim: a goblin, wielding a +0 club You throw a stone {@Q3}.
The stone {@Q3} hits the goblin.
The goblin is heavily wounded.
Throwing (i - inventory. (/) - cycle)
p - 39 stones (quivered)
{@Q3}
Press: ? - help, Shift-Dir - straight line, f/p - goblin
Aim: a goblin, wielding a +0 club (heavily wounded)
You throw a stone {@Q3}. The stone {@Q3} misses the goblin.
Throwing (i - inventory. (/) - cycle)
p - 38 stones (quivered)
{@Q3}
Press: ? - help, Shift-Dir - straight line, f/p - goblin
Aim: a goblin, wielding a +0 club (heavily wounded)
You throw a stone {@Q3}. The stone {@Q3} hits the goblin.
You kill the goblin!
Your Short Blades skill increases to level 4!
Unknown command.
You now have 95 gold pieces (gained 6).
p - 38 stones {@Q3} (gained 1)
You butcher the goblin corpse.
u - 8 chunks of flesh (gained 2)
Things that are here:
a +0 club; a goblin skeleton
Things that are here:
a +0 club; a goblin skeleton
p - 39 stones {@Q3} (gained 1)
A gnoll comes into view. It is wielding a +0 halberd.
There is a stone staircase leading down here.
Things that are here:
2 stones {@Q3}; a rat corpse; a frilled lizard corpse Throwing (i - inventory. (/) - cycle)
p - 39 stones (quivered)
{@Q3}
Press: ? - help, Shift-Dir - straight line, f - gnoll
Aim: a gnoll, wielding a +0 halberd (hasn't noticed you)
You throw a stone {@Q3}. The gnoll shouts!
The stone {@Q3} hits the gnoll but does no damage.
You hear a shout!
Throwing (i - inventory. (/) - cycle)
p - 38 stones (quivered)
{@Q3}
Press: ? - help, Shift-Dir - straight line, f/p - gnoll
Aim: a gnoll, wielding a +0 halberd You throw a stone {@Q3}.
The stone {@Q3} closely misses the gnoll.
A gnoll comes into view. It is wielding a +0 halberd.
Unknown command.
Things that are here:
a +0 club; a goblin skeleton A gnoll comes into view.
It is wielding a +0 spear.
A gnoll comes into view. It is wielding a +0 flail.
There is a stone staircase leading up here.
Quiver which item? (- for none, * to show all) (? for menu, Esc to quit)
Quivering
d - 2 curare-tipped darts for throwing.
Throwing (i - inventory. (/) - cycle)
d - 2 curare-tipped darts (quivered)
Press: ? - help, Shift-Dir - straight line, f/p - gnoll
Aim: a gnoll, wielding a +0 halberd You throw a curare-tipped dart.
The curare-tipped dart hits the gnoll.
The gnoll is poisoned.
The gnoll convulses.
The gnoll seems to slow down.
The gnoll is severely wounded.
Throwing (i - inventory. (/) - cycle)
d - a curare-tipped dart (quivered)
Press: ? - help, Shift-Dir - straight line, f - gnoll, p - gnoll
Aim: a gnoll, wielding a +0 halberd You throw a curare-tipped dart.
The curare-tipped dart barely misses the gnoll. x2
The gnoll hits you with a +0 halberd. The gnoll barely misses you.
You take 5 damage, and have 24/29 hp.
You closely miss the gnoll.
The gnoll shouts!
You tail-slap the gnoll.
You kill the gnoll!
Your Throwing skill increases to level 2!
The gnoll misses you.
The gnoll shouts!
You hit the gnoll but do no damage.
The gnoll hits you with a cursed +0 halberd.
You take 1 damage, and have 23/29 hp.
You hit the gnoll but do no damage. You hit the gnoll but do no damage.
The gnoll is poisoned.
The gnoll closely misses you.
You hit the gnoll.
The gnoll is moderately wounded.
The gnoll closely misses you. The gnoll hits you with a +0 flail.
You take 5 damage, and have 19/29 hp.
You hit the gnoll.
The gnoll is poisoned.
The gnoll is moderately wounded.
The gnoll hits you from afar with a +0 spear.
You take 3 damage, and have 16/29 hp.
You hit the gnoll.
The gnoll looks as sick as possible!
Your tail-slap misses the gnoll.
The gnoll is heavily wounded.
The gnoll hits you with a cursed +0 halberd!
* * * LOW HITPOINT WARNING * * *
The gnoll hits you with a +0 flail!
You die...

█.█.████..██...............
█................█...█.....
█...........█..............
█.........███..............
█..........██......<.......
█...(>.....█.......).......
█....██)............█.█....
█....?...().<..............
█....██.gg@..............██
█....(...g.................
█.g..██....................
█..g. ██...................
█.... ██...█..............
. ██████...█.........
█........████.
█.██.....███..
█.████....██..


You could see 3 gnolls.

Vanquished Creatures
  2 adders
  A gnoll (D:2)
  A dart slug (D:1)
  A bat (D:2)
  2 giant cockroaches (D:1)
  4 goblins
  5 hobgoblins
  3 jackals (D:1)
  5 frilled lizards
  2 kobolds (D:1)
  3 rats
29 creatures vanquished.

Notes
Turn   | Place    | Note
-------+----------+-------------------------------------------
     0 | D:1      | Goblin1989 the Draconian Assassin began the quest for the
                  | Orb.
     0 | D:1      | Reached XP level 1. HP: 17/17 MP: 1/1
   244 | D:1      | Reached XP level 2. HP: 24/24 MP: 2/2
   432 | D:1      | Reached skill level 3 in Short Blades
   807 | D:1      | Reached XP level 3. HP: 6/29 MP: 3/3
   970 | D:2      | Reached skill level 4 in Short Blades
   999 | D:2      | Slain by a gnoll

Levels and vault maps discovered:
D:1:      co_arrival_square_in_a_square_in_a_square, layout_basic
D:2:      layout_rooms

Skill      XL: |  1  2  3 |
---------------+----------+-----
Short Blades   | 3 4 |  4.0
Throwing       | 2 |  2.0
Fighting       | |  2.1
Dodging        | |  0.8
Stealth        | |  3.6

Action                   || total
-------------------------++-------
Melee: Dagger            ||    43
       Tailslap          ||     5
Throw: Dart              ||    48
       Stone             ||    17
  Use: Potion            ||     1
Armor: Skin              ||    16
Dodge: Dodged            ||    37

Levels and vault maps discovered:
D:1:      co_arrival_square_in_a_square_in_a_square, layout_basic
D:2:      layout_rooms
